 Dungeon Crawl Stone Soup version 0.29.1-2-gbd0b4ee654 (webtiles) character file.

Game seed: 5874495186103530107

582 mortz the Digger (level 7, 0/37 HPs)
             Began as a Kobold Earth Elementalist on Oct 26, 2022.
             Slain by Duvessa
             ... wielding a +0 short sword
              (6 damage)
             ... on level 4 of the Dungeon.
             The game lasted 00:21:29 (5696 turns).

mortz the Digger (Kobold Earth Elementalist)        Turns: 5696, Time: 00:21:30

Health: 0/37       AC: 12    Str:  5    XL:     7   Next: 63%
Magic:  11/13      EV: 12    Int: 24    God:
Gold:   180        SH:  0    Dex: 16    Spells: 9/15 levels left

rFire   . . .      SeeInvis .   b - staff of earth
rCold   . . .      Faith    .   (shield currently unavailable)
rNeg    . . .      Spirit   .   d - +5 ring mail of Birdsong {rPois Int+6}
rPois   +          Reflect  .   l - +0 helmet
rElec   .          Harm     .   (no cloak)
rCorr   .          Rampage  .   r - +0 pair of gloves
Will    .....                   (no boots)
Stlth   +++.......              (no amulet)
HPRegen 0.12/turn               (no ring)
MPRegen 0.13/turn               (no ring)

@: about to teleport
A: small, no large weapons, nightstalker 3
a: no special abilities


You were on level 4 of the Dungeon.
You visited 1 branch of the dungeon, and saw 4 of its levels.

You collected 180 gold pieces.

Inventory:

Hand Weapons
 a - a +3 dagger of venom
 c - a +0 club
 h - a +0 dagger
 i - a +0 dagger
Armour
 d - the +5 ring mail of Birdsong (worn) {rPois Int+6}
   (You found it on level 2 of the Dungeon)

   Int:       It affects your intelligence (+6).
   rPois:     It protects you from poison.
 e - a +0 robe
 l - a +0 helmet (worn)
 o - a +0 buckler
 q - a +1 leather armour of fire resistance
 r - a +0 pair of gloves (worn)
 t - a +2 animal skin
Magical Staves
 b - a staff of earth (weapon)
Jewellery
 k - a ring of ice
Wands
 g - a wand of light (4)
Scrolls
 j - a scroll of amnesia
 p - a scroll of magic mapping
 w - a scroll of noise {unknown}
Potions
 f - a potion of might
 m - a potion of cancellation
 n - a potion of mutation
 s - a potion of magic


   Skills:
 + Level 0.5 Fighting
 + Level 1.2 Short Blades
 * Level 2.5 Armour
 + Level 2.8 Dodging
 + Level 4.7 Stealth
 + Level 4.6 Spellcasting
 + Level 1.0 Transmutations
 + Level 5.1 Earth Magic


You had 9 spell levels left.
You knew the following spells:

 Your Spells              Type           Power      Damage    Failure   Level
a - Sandblast             Erth           90%        2d19      4%          1
b - Passwall              Tmut/Erth      25%        N/A       17%         2
s - Stone Arrow           Conj/Erth      52%        3d10      38%         3

Your spell library contained the following spells:

 Spells                   Type           Power      Damage    Failure   Level
 Blink                    Tloc           10%        N/A       52%         2
 Poisonous Vapours        Pois/Air       10%        N/A       52%         2
 Petrify                  Tmut/Erth      30%        N/A       75%         4
 Lesser Beckoning         Tloc           5%         N/A       77%         3
 Swiftness                Air            5%         N/A       77%         3
 Airstrike                Air            2%         2d(1-17)  99%         4
 Lightning Bolt           Conj/Air       2%         1d14      100%        5
 Manifold Assault         Tloc           5%         N/A       100%        5


Dungeon Overview and Level Annotations

Branches:
Dungeon (4/15) Zot: 18245
 Temple: D:4-7

Altars:
Wu Jian

Shops:
D:3 [

Annotations:
D:4 Duvessa


Innate Abilities, Weirdness & Mutations

You are small and have problems with some larger weapons.
You are completely attuned to the shadows.


Message History

The goblin shoots a sling bullet.
The sling bullet misses you.
You feel a surge of power!
The blast of sand hits the goblin!!
You kill the goblin!
A kobold comes into view.
It is wielding a +0 club and quivering poisoned darts.
You feel a surge of power!
The blast of sand hits the kobold!
You kill the kobold!
w - a scroll labelled JUSTES NUMP You now have 180 gold pieces (gained 12).
Items here: ( ))) ††.
Okay, then.
A dart slug comes into view.
You feel a surge of power!
The blast of sand hits the dart slug!
You kill the dart slug!
Duvessa, Sister of Dowan comes into view.
She is wielding a +0 short sword and carrying a wand of digging (4).
Things that are here:
a +0 dagger; a +0 robe Duvessa goes berserk!
You feel a surge of power!
The blast of sand hits Duvessa!
Duvessa is moderately wounded.
Duvessa closely misses you.
You feel a surge of power!
The blast of sand misses Duvessa.
Duvessa barely misses you. Duvessa hits you with a +0 short sword!
A giant cockroach comes into view.
Duvessa hits you with a +0 short sword!
You feel a surge of power!
The blast of sand misses Duvessa.
Duvessa misses you. Duvessa hits you but does no damage.
Things that are here:
a +0 dagger; a +0 robe Duvessa hits you with a +0 short sword!
As you read the scroll of teleportation, it crumbles to dust.
You feel strangely unstable. Duvessa hits you with a +0 short sword!
* * * LOW HITPOINT WARNING * * *
You are too injured to fight recklessly!
Okay, then.
Duvessa attacks as you move away! Duvessa hits you with a +0 short sword.
* * * LOW HITPOINT WARNING * * *
Duvessa rages.
Duvessa closely misses you.
You feel better. Duvessa hits you with a +0 short sword.
You die...

#..........# ...........# ##
....######.... ...... ##....
...........#.# #.....
....... #...### #.....
....#.# #.....#####.....
###......####.....)†......!)
#........Be@......######....
#......######...>.# #.......
######......#
#.....###.#.....
....##....)##
#.........#.....
............##
###.....######....
.............###.......#
##...
.................#.....#
####
..)..........###########
.............#


You could see Duvessa (berserk) and a giant cockroach.

Vanquished Creatures
  2 scorpions (D:4)
  Dowan (D:4)
  5 killer bees
  A hound (D:3)
  An iguana (D:4)
  Robin (D:3)
  3 adders
  A worm (D:4)
  3 dart slugs
  2 orcs (D:3)
  5 ball pythons
  8 endoplasms
  5 giant cockroaches
  13 goblins
  10 hobgoblins
  11 jackals
  9 kobolds
  A quokka (D:1)
  3 bats
  2 frilled lizards
  5 rats
92 creatures vanquished.

Notes
Turn   | Place    | Note
-------+----------+-------------------------------------------
     0 | D:1      | mortz the Kobold Earth Elementalist began the quest for the
                  | Orb.
     0 | D:1      | Reached XP level 1. HP: 10/10 MP: 3/3
   234 | D:1      | Reached XP level 2. HP: 15/15 MP: 1/5
   673 | D:1      | Learned a level 2 spell: Passwall
   894 | D:1      | Found a faded altar of an unknown god.
  1019 | D:1      | Reached XP level 3. HP: 19/19 MP: 6/6
  1023 | D:1      | Learned a level 3 spell: Stone Arrow
  1665 | D:2      | Identified the +5 ring mail of Birdsong {rPois Int+6}
  2619 | D:2      | Reached XP level 4. HP: 24/24 MP: 4/8
  3385 | D:3      | Found Unig's Armour Shoppe.
  3632 | D:3      | Found an ornate altar of the Wu Jian Council.
  3747 | D:3      | Got the Guide on the Sky
  3791 | D:3      | Reached skill level 1 in Armour
  3791 | D:3      | Reached XP level 5. HP: 28/28 MP: 7/10
  3818 | D:3      | Reached skill level 4 in Earth Magic
  4313 | D:3      | Reached skill level 1 in Short Blades
  4314 | D:3      | Reached XP level 6. HP: 20/32 MP: 5/11
  4453 | D:4      | Noticed Robin
  4691 | D:3      | Killed Robin
  4749 | D:4      | Reached XP level 7. HP: 14/36 MP: 9/12
  5224 | D:4      | Reached skill level 5 in Earth Magic
  5517 | D:4      | Noticed Dowan
  5526 | D:4      | Killed Dowan
  5664 | D:4      | Noticed Duvessa
  5695 | D:4      | HP: 1/37 [Duvessa/+0 short sword (5)]
  5696 | D:4      | Slain by Duvessa

Illustrated notes

Levels and vault maps discovered:
D:1:      arrival_zaba_pyramid, layout_basic,
          shapermc_ecumenical_altar_mp_urbaneastern,
          chequers_serial_rivers_micro_c
D:2:      layout_loops_corners, serial_co_window_serial,
          co_window_of_opportunity_a, co_window_paths_a, co_window_corner_a,
          co_window_corner_a, co_window_paths_b, co_window_2corner,
          co_window_corner_cb, co_window_corner_cb, co_window_paths_c,
          co_window_2corner, co_window_corner_b, co_window_corner_cb,
          co_window_4corner_a, glass_columns_b, glass_columns_c,
          glass_columns_a, glass_columns_b, st_stairs_3, nrook_campfire
D:3:      layout_loops_cross, nzn_wu_jian_contemplation, serial_shops,
          nicolae_shop_temple_entry_statues_fountains, nicolae_underground_beach
D:4:      layout_rooms, uniq_duvessa, uniq_robin

Skill      XL: |  1  2  3  4  5  6  7 |
---------------+----------------------+-----
Spellcasting   | 3 4 |  4.6
Stealth        | 3 4 |  4.7
Armour         | 1 2 |  2.5
Earth Magic    | 4 5 |  5.1
Short Blades   | 1 |  1.2
Fighting       | |  0.5
Dodging        | |  2.8
Transmutations | |  1.0

Action                   |  1- 3 |  4- 6 |  7- 9 || total
-------------------------+-------+-------+-------++-------
Melee: Dagger            |    12 |    22 |     3 ||    37
 Cast: Sandblast         |    38 |    41 |    26 ||   105
  Use: Scroll            |     1 |    11 |     2 ||    14
       Potion            |       |     2 |     1 ||     3
 Stab: Sleeping          |    10 |    10 |     1 ||    21
Armor: Robe              |     5 |       |       ||     5
       Ring mail         |     3 |    24 |     8 ||    35
Dodge: Dodged            |    27 |    35 |    13 ||    75
